 Dungeon Crawl Stone Soup version 0.22-a0-445-g8c8ef71 (webtiles) character file.

5583 pk666 the Thaumaturge (level 10, -4/50 HPs)
             Began as a Deep Elf Wizard on June 3, 2018.
             Was a Follower of Vehumet.
             Slain by a merfolk
             ... wielding a +0 spear
              (10 damage)
             ... on level 9 of the Dungeon.
             The game lasted 00:47:53 (14436 turns).

pk666 the Thaumaturge (Deep Elf Wizard)            Turns: 14436, Time: 00:47:53

Health: -4/50      AC:  9    Str:  9    XL:     10   Next: 44%
Magic:  10/27      EV: 16    Int: 27    God:    Vehumet [*.....]
Gold:   250        SH:  0    Dex: 13    Spells: 22/31 levels left

rFire    . . .     SeeInvis .   s - +2 dagger (elec)
rCold    . . .     Gourm    .   (no shield)
rNeg     . . .     Faith    .   I - +2 robe
rPois    .         Spirit   .   b - +0 hat
rElec    .         Reflect  .   u - +0 cloak
rCorr    .         Harm     .   (no gloves)
MR       +....                  x - +0 pair of boots
Stlth    +++.......             (no amulet)
HPRegen  0.16/turn              h - +3 ring of protection
MPRegen  0.20/turn              y - +5 ring of strength

@: no status effects
A: no striking features
a: Renounce Religion


You were on level 9 of the Dungeon.
You worshipped Vehumet.
Vehumet was aware of your devotion.
You were not hungry.

You visited 2 branches of the dungeon, and saw 10 of its levels.

You collected 250 gold pieces.

Inventory:

Hand Weapons
 s - a +2 dagger of electrocution (weapon)
 G - a +3 dagger of distortion
Armour
 b - a +0 hat (worn)
 t - a +1 robe of fire resistance
 u - a +0 cloak (worn)
 x - a +0 pair of boots (worn)
 I - a +2 robe (worn)
Jewellery
 h - a +3 ring of protection (left hand)
 y - a +5 ring of strength (right hand)
Wands
 v - a wand of acid (5)
 A - a wand of flame (35)
 F - a wand of polymorph (16)
 K - a wand of paralysis (17)
Scrolls
 c - 9 scrolls of teleportation {unknown}
 e - 8 scrolls of identify
 f - 3 scrolls of immolation {unknown}
 g - a scroll of fear {unknown}
 j - a scroll of amnesia {unknown}
 k - 2 scrolls of blinking {unknown}
 q - 4 scrolls of noise {unknown}
 r - 4 scrolls of enchant armour {unknown}
 w - a scroll of remove curse {unknown}
 z - a scroll of enchant weapon {unknown}
 E - 2 scrolls of magic mapping {unknown}
 H - a scroll of random uselessness {unknown}
Potions
 a - 2 potions of might
 i - a potion of lignification
 l - 3 potions of haste
 m - a potion of brilliance {unknown}
 n - 4 potions of curing
 o - a potion of cancellation {unknown}
 p - a potion of degeneration {unknown}
 B - a potion of resistance {unknown}
 C - a potion of flight {unknown}
 J - a potion of agility
Comestibles
 d - 7 rations


   Skills:
 + Level 7.7 Dodging
 + Level 5.6 Stealth
 + Level 11.0 Spellcasting
 + Level 8.5 Conjurations
   Level 1.1 Summonings
 - Level 3.0 Translocations
 + Level 8.1 Fire Magic
 - Level 2.0 Air Magic
 - Level 2.0 Poison Magic


You had 22 spell levels left.
You knew the following spells:

 Your Spells              Type           Power        Failure   Level  Hunger
b - Blink                 Tloc           N/A          1%          2    None
c - Conjure Flame         Conj/Fire      ######..     1%          3    None
d - Mephitic Cloud        Conj/Pois/Air  #####...     1%          3    None
z - Magic Dart            Conj           ####         1%          1    None

Your spell library contained the following spells:

 Spells                   Type           Power        Failure   Level  Hunger
 Slow                     Hex            ##......     6%          2    None
 Confuse                  Hex            ##......     12%         3    None
 Call Imp                 Summ           ###.....     3%          2    None
 Confusing Touch          Hex            ##....       3%          1    None
 Metabolic Englaciation   Hex/Ice        ##........   71%         5    ###....
 Petrify                  Tmut/Erth      ##......     36%         4    None
 Gell's Gravitas          Tloc           ####......   3%          3    None
 Yara's Violent Unravell  Hex/Tmut       ##........   71%         5    ###....


Dungeon Overview and Level Annotations

Branches:
Dungeon (9/15)             Temple (1/1) D:7
   Lair: D:8-11         Orc: D:9-12

Altars:
Ashenzari
Cheibriados
Dithmenos
Elyvilon
Fedhas
Gozag
Hepliaklqana
Kikubaaqudgha
Makhleb
Okawaru
Qazlal
Ru
Sif Muna
Trog
Uskayaw
Vehumet
Wu Jian
Xom
Yredelemnul
Zin
The Shining One

Annotations:
D:2 Sigmund
D:9 Joseph


Message History

The merfolk is almost dead.
The ice beast is engulfed in blazing flames.
The merfolk hits you but does no damage.
Casting: Magic Dart (safe; 1% risk of failure)
Confirm with . or Enter, or press ? or * to list all spells.
Aiming: Magic Dart (safe; 1% risk of failure)
Press: ? - help, Shift-Dir - straight line, f/p - merfolk
Aim: a merfolk, wielding a spear (almost dead)
The magic dart hits the merfolk.
The merfolk is almost dead.
The merfolk completely misses you.
Casting: Magic Dart (safe; 1% risk of failure)
Confirm with . or Enter, or press ? or * to list all spells.
Aiming: Magic Dart (safe; 1% risk of failure)
Press: ? - help, Shift-Dir - straight line, f/p - merfolk
Aim: a merfolk, wielding a spear (almost dead)
The magic dart hits the merfolk.
The merfolk is almost dead.
The merfolk hits you from afar with a spear!
You die...

#########..####..####(.......###
#..........(Y..(..(..(..
#.).(<..........(...(...
#########..####.(####.....(..###
#..........# #..# #........#
#..........# #..# #......_.#
#########..# #..# #........#
#..####### #........# #..##≈.@#
#........#
#######.)##≈..#####........###
..........#≈m##...........(...
..........#≈Y†#...............
#######..###§##..#####........
#..# #§##Y.# #........ #..#
#.....# #........ #..# ####..#
#........ #..# #..# #........


You could see a merfolk and an ice beast.

Vanquished Creatures
  2 two-headed ogres (D:9)
  Pikel (D:6)
  Psyche (D:8)
  A centaur skeleton (D:9)
  The ghost of pk666 the Magician, a novice DEWz (D:5)
  Prince Ribbit (D:8)
  A hippogriff (D:9)
  A water moccasin (D:8)
  3 orc warriors
  2 sky beasts
  An ice beast (D:8)
  2 slaves (D:6)
  2 black bears (D:7)
  2 ogres
  A phantom (D:5)
  3 centaurs
  A big kobold (D:7)
  3 bullfrogs
  A scorpion (D:6)
  A crimson imp (D:8)
  2 bullfrog skeletons
  5 hounds
  7 orc priests
  Crazy Yiuf (D:4)
  Jessica (D:2)
  An iguana (D:4)
  17 orc wizards
  5 worker ants
  A hound zombie (D:9)
  2 hound skeletons
  Robin (D:2)
  9 adders
  3 shadow imps
  An ooze (D:3)
  A worm (D:3)
  2 dart slugs
  5 leopard geckos
  26 orcs
  3 giant cockroaches
  7 goblins
  12 hobgoblins
  9 jackals
  11 kobolds
  2 quokkas
  3 ball pythons
  4 bats
  3 frilled lizards (D:1)
  2 jackal zombies
  3 rats
180 creatures vanquished.

Vanquished Creatures (others)
  A giant cockroach (D:6)
1 creature vanquished.

Grand Total: 181 creatures vanquished

Notes
Turn   | Place    | Note
-------+----------+-------------------------------------------
     0 | D:1      | pk666 the Deep Elf Wizard began the quest for the Orb.
     0 | D:1      | Reached XP level 1. HP: 10/10 MP: 7/7
   317 | D:1      | Reached XP level 2. HP: 15/15 MP: 4/9
   362 | D:1      | Learned a level 2 spell: Blink
  1267 | D:2      | Noticed Sigmund
  1326 | D:2      | Reached skill level 5 in Spellcasting
  1453 | D:2      | Reached XP level 3. HP: 9/19 MP: 2/11
  1459 | D:2      | Learned a level 3 spell: Conjure Flame
  1542 | D:2      | Learned a level 3 spell: Mephitic Cloud
  2022 | D:2      | Noticed Jessica
  2028 | D:2      | Killed Jessica
  2028 | D:2      | Reached XP level 4. HP: 24/24 MP: 5/13
  2257 | D:2      | Noticed Robin
  2272 | D:2      | Killed Robin
  2281 | D:2      | HP: 1/24 [goblin/stone[Robin] (8)]
  2314 | D:2      | HP: 1/24 [goblin/stone[Robin] (3)]
  3030 | D:3      | Found a basalt altar of Yredelemnul.
  3351 | D:3      | Reached XP level 5. HP: 28/28 MP: 9/15
  3406 | D:3      | Reached skill level 1 in Fire Magic
  3462 | D:3      | Reached skill level 1 in Poison Magic
  3930 | D:3      | Reached skill level 1 in Air Magic
  4166 | D:3      | Reached skill level 6 in Spellcasting
  4166 | D:3      | Reached XP level 6. HP: 19/32 MP: 0/17
  5360 | D:4      | Found a sacrificial altar of Ru.
  5360 | D:4      | Found an opulent altar of Gozag.
  5402 | D:4      | Reached XP level 7. HP: 36/36 MP: 8/18
  6046 | D:4      | Found a stormy altar of Qazlal.
  6226 | D:4      | Found a runed door.
  6283 | D:4      | Noticed Crazy Yiuf
  6290 | D:4      | Killed Crazy Yiuf
  6406 | D:5      | Entered Level 5 of the Dungeon
  6414 | D:5      | Reached skill level 7 in Spellcasting
  6519 | D:5      | Noticed pk666's ghost (novice DEWz)
  6697 | D:5      | Killed pk666's ghost
  6697 | D:5      | Reached skill level 5 in Conjurations
  6697 | D:5      | Reached XP level 8. HP: 37/41 MP: 6/21
  7223 | D:5      | Reached skill level 8 in Spellcasting
  7301 | D:5      | Found an ornate altar of the Wu Jian Council.
  7823 | D:6      | Reached skill level 5 in Fire Magic
  8010 | D:6      | Reached skill level 5 in Dodging
  8503 | D:6      | Found a snail-covered altar of Cheibriados.
  8509 | D:6      | Found an iron altar of Okawaru.
  8512 | D:6      | Found a shadowy altar of Dithmenos.
  8871 | D:6      | Noticed Pikel
  8884 | D:6      | Killed Pikel
  8884 | D:6      | Reached skill level 9 in Spellcasting
  8884 | D:6      | Reached XP level 9. HP: 45/45 MP: 14/24
  8999 | D:6      | Found a glowing golden altar of the Shining One.
  9675 | D:7      | Found a staircase to the Ecumenical Temple.
  9684 | Temple   | Entered the Ecumenical Temple
  9808 | Temple   | Became a worshipper of Vehumet
 10489 | D:7      | Found a bloodstained altar of Trog.
 11216 | D:8      | Noticed Psyche
 11235 | D:8      | Killed Psyche
 11235 | D:8      | Reached skill level 10 in Spellcasting
 11513 | D:8      | Noticed Prince Ribbit
 11524 | D:8      | Killed Prince Ribbit
 11615 | D:8      | Reached * piety under Vehumet
 11615 | D:8      | Offered knowledge of Sting by Vehumet.
 12053 | D:8      | Found a burning altar of Makhleb.
 12176 | D:9      | Found a shimmering altar of Xom.
 12224 | D:8      | Reached XP level 10. HP: 25/50 MP: 3/26
 12450 | D:9      | Noticed a two-headed ogre
 12596 | D:9      | Noticed a two-headed ogre
 12606 | D:9      | Killed a two-headed ogre
 13019 | D:9      | Reached skill level 5 in Stealth
 13449 | D:9      | Killed a two-headed ogre
 13557 | D:9      | Noticed Joseph
 13948 | D:9      | Reached skill level 11 in Spellcasting
 14436 | D:9      | Slain by a merfolk

Vault maps used:
D:1:      lightli_arrival_boilingwater, st_stairs_6
D:2:      first_ration, st_stairs_12, uniq_robin, uniq_sigmund, uniq_jessica
D:3:      old_standard_altar
D:4:      kennysheep_little_box, gammafunk_temple_overflow_elements,
          enter_ossuary_2, minmay_misc_feat_pillars, uniq_crazy_yiuf_cottage
D:5:      nicolae_overflow_hidden_temple, serial_glass, glass_columns_a,
          glass_columns_c, minmay_crossroads
D:6:      nicolae_overflow_crystal_walls, minmay_overflow_temple_star_quad,
          uniq_pikel
D:7:      trog_ov_bears_minmay, temple_hall
D:8:      lightli_temple_of_fire, uniq_prince_ribbit1, uniq_psyche
D:9:      nemelex_xobeh_ov_fountains_minmay, overflow_temple_1_default,
          lair_entry_dummy, hangedman_fish_farm, uniq_joseph
Temple:   nicolae_temple_figure_zero

Skill      XL: |  1  2  3  4  5  6  7  8  9 10 |
---------------+-------------------------------+-----
Conjurations   | 2 3 5 6 7 8 |  8.5
Spellcasting   | 5 6 7 9 10 11 | 11.0
Dodging        | 3 4 5 6 7 |  7.7
Translocations | 2 3 |  3.0
Fire Magic     | 1 2 4 6 7 8 |  8.1
Poison Magic   | 1 2 |  2.0
Air Magic      | 1 2 |  2.0
Stealth        | 4 5 |  5.6
Summonings     | |  1.1

Action                   |  1- 3 |  4- 6 |  7- 9 | 10-12 || total
-------------------------+-------+-------+-------+-------++-------
Melee: Dagger            |       |    29 |    12 |     6 ||    47
 Cast: Magic Dart        |    89 |   187 |   411 |   157 ||   844
       Mephitic Cloud    |       |    16 |    28 |    29 ||    73
       Conjure Flame     |       |     8 |    14 |     2 ||    24
       Blink             |       |       |     3 |     7 ||    10
  Use: Potion            |       |     3 |     1 |     2 ||     6
       Scroll            |       |     3 |       |       ||     3
 Stab: Confused          |       |       |     2 |       ||     2
  Eat: Chunk             |     2 |     8 |    17 |       ||    27
       Ration            |       |     1 |     1 |     2 ||     4
Armor: Robe              |     2 |     5 |    15 |    36 ||    58
       Skin              |       |    18 |     3 |       ||    21
Dodge: Dodged            |    10 |    37 |    55 |    62 ||   164

Table legend:
 A = Spawn XP
 B = Non-spawn XP
 C = Spawn XP percentage of total XP
 D = Spawn monster count
 E = Non-spawn monster count
 F = Spawn count percentage of total count
 G = Total turns spent on level
                    A         B        C        D         E        F      G
               +---------+---------+-------+---------+---------+-------+---------
         Total |       0 |    7976 |   0.0 |       0 |     178 |   0.0 | 14436
               +---------+---------+-------+---------+---------+-------+---------
           D:1 |       0 |      32 |   0.0 |       0 |      18 |   0.0 |  1240
           D:2 |       0 |     125 |   0.0 |       0 |      23 |   0.0 |  1898
           D:3 |       0 |     280 |   0.0 |       0 |      24 |   0.0 |  2067
           D:4 |       0 |     576 |   0.0 |       0 |      30 |   0.0 |  1476
           D:5 |       0 |     905 |   0.0 |       0 |      14 |   0.0 |  1100
           D:6 |       0 |    1233 |   0.0 |       0 |      18 |   0.0 |  1472
           D:7 |       0 |     893 |   0.0 |       0 |      21 |   0.0 |  1786
           D:8 |       0 |    1591 |   0.0 |       0 |      16 |   0.0 |  2663
           D:9 |       0 |    2341 |   0.0 |       0 |      14 |   0.0 |   597
               +---------+---------+-------+---------+---------+-------+---------
